 Dungeon Crawl Stone Soup version 0.18.1-8-gdd0e5ea (webtiles) character file.

11 crovaxon the Grave Robber (level 2, 0/19 HPs)
             Began as a Mummy Necromancer on June 7, 2016.
             Slain by a giant cockroach (1 damage)
             ... on level 1 of the Dungeon.
             The game lasted 00:05:40 (218 turns).

crovaxon the Grave Robber (Mummy Necromancer)        Turns: 218, Time: 00:05:41

Health: 0/19       AC:  2    Str: 11    XL:     2   Next: 13%
Magic:  0/5        EV: 12    Int: 14    God:
Gold:   0          SH:  0    Dex: 12    Spells: 2 memorised, 3 levels left

rFire  x . .     SeeInvis .     (no weapon)
rCold  + . .     Gourm    .     a - +0 robe
rNeg   + + +     Faith    .     (no shield)
rPois  ∞         Spirit   .     (no helmet)
rElec  .         Dismiss  .     (no cloak)
rCorr  .         Reflect  .     (no gloves)
SustAt .         Harm     .     (no boots)
MR     .....                    (no amulet)
Stlth  ++........               (no ring)
                                (no ring)

@: not resistant to hostile enchantments, unstealthy
A: no food or potions, fire vulnerability, cold resistance 1, negative energy
resistance 3, torment resistance, unbreathing
a: no special abilities


You were on level 1 of the Dungeon.
You were not hungry.

You visited 1 branch of the dungeon, and saw 1 of its levels.

Inventory:

Armour
 a - a +0 robe (worn)
Scrolls
 c - a scroll of remove curse {unknown}
Books
 b - a book of Necromancy

   Spells                             Type                      Level
   a - Pain                           Necromancy                   1
   b - Animate Skeleton               Necromancy                   1
   c - Vampiric Draining              Necromancy                   3
   d - Regeneration                   Charms/Necromancy            3
   e - Animate Dead                   Necromancy                   4
   f - Control Undead                 Necromancy                   4


   Skills:
 + Level 1.7 Dodging
 + Level 1.5 Stealth
 + Level 2.1 Spellcasting
 + Level 4.2 Necromancy


You had 3 spell levels left.
You knew the following spells:

 Your Spells              Type           Power        Failure   Level  Hunger
a - Pain                  Necr           ##..         4%          1    N/A
b - Animate Skeleton      Necr           N/A          4%          1    N/A

Dungeon Overview and Level Annotations

Branches:
Dungeon (1/15)

Altars:


Innate Abilities, Weirdness & Mutations

You do not eat or drink.
Your flesh is vulnerable to fire.
You are immune to poison.
Your flesh is cold resistant.
You are immune to negative energy.
You are immune to unholy pain and torment.
You can survive without breathing.


Message History

Casting: Pain
Confirm with . or Enter, or press ? or * to list all spells.
Aiming: Pain
Press: ? - help, Shift-Dir - straight line, f/p - giant cockroach
Aim: a giant cockroach (heavily wounded, clinging, chance to defeat MR: 91%)
The giant cockroach convulses in agony!
The giant cockroach closely misses you. The giant cockroach misses you.
The giant cockroach barely misses you.
The giant cockroach waves its antennae.
The giant cockroach bites you.
* * * LOW HITPOINT WARNING * * *
Casting: Pain
Confirm with . or Enter, or press ? or * to list all spells.
Aiming: Pain
Press: ? - help, Shift-Dir - straight line, f/p - giant cockroach
Aim: a giant cockroach (severely wounded, chance to defeat MR: 91%)
The giant cockroach barely resists.
The giant cockroach bites you.
* * * LOW HITPOINT WARNING * * *
The giant cockroach bites you.
You die...

###.......#.##g............#
..'.......+..s...........#
###.......#.#########.##.#
..............#######.#
.###...###....##%..##†#
.###.......%...%.<.+.g#
.s.....###.#.g.#...#..#
.####.l###.#...#####..#
........##.#...s@.....#
.#####..##.#...s...........
................####..##.#$
.###............# #..# # .#
#.##.####....# #..# . #. #.#
........ ...# #.
#.##...#..## #..# .
............ ... #.# . .##


You could see 2 giant cockroaches and a goblin.

Vanquished Creatures
  An ooze (D:1)
  2 giant geckos (D:1)
  2 bats (D:1)
  A giant newt (D:1)
6 creatures vanquished.

Vanquished Creatures (collateral kills)
  A giant cockroach (D:1)
  A goblin (D:1)
  A rat (D:1)
3 creatures vanquished.

Grand Total: 9 creatures vanquished

Notes
Turn   | Place    | Note
--------------------------------------------------------------
     0 | D:1      | crovaxon the Mummy Necromancer began the quest for the Orb.
     0 | D:1      | Reached XP level 1. HP: 13/13 MP: 3/3
     2 | D:1      | Learned a level 1 spell: Animate Skeleton
   159 | D:1      | Reached XP level 2. HP: 6/19 MP: 0/5
   218 | D:1      | Slain by a giant cockroach

Action                   || total
-------------------------++-------
Melee: Unarmed           ||    20
 Cast: Pain              ||    12
       Animate Skeleton  ||     4
Armor: Robe              ||    13
Dodge: Dodged            ||    29
